 Dungeon Crawl Stone Soup version 0.31-a0-174-g85c54bcb58 (webtiles) character file.

Game seed: 16299646624512168691

7856 IdlyInterested the Covert (level 11, -1/80 HPs)
             Began as a Demonspawn Gladiator on June 14, 2023.
             Slain by a human
             ... wielding a +0 war axe
              (3 damage)
             ... in a bailey on June 15, 2023.
             The game lasted 00:27:22 (6916 turns).

IdlyInterested the Covert (Demonspawn Gladiator)    Turns: 6916, Time: 00:27:22

Health: -1/80      AC:  6    Str: 15      XL:     11   Next: 2%
Magic:  0/23       EV: 11    Int: 17 (18) God:
Gold:   509        SH:  0    Dex:  9 (12) Spells: 26/26 levels left

rFire   + . .        n - +2 short sword (drain)
rCold   . . .        (no shield)
rNeg    . . .        A - +1 leather armour {rF+}
rPois   .            (helmet restricted)
rElec   .            k - +1 cloak
rCorr   .            (no gloves)
SInv    .            (no boots)
Will    .....        x - amulet of guardian spirit
Stlth   ++++         (no ring)
HPRegen 0.33/turn    (no ring)
MPRegen 0.18/turn

%: guardian spirit
@: mighty
A: claws 2, powered by pain 2, big brain 2, demonic magic 1, antennae 1, clumsy
1
a: no special abilities


You were in a bailey.
You visited 2 branches of the dungeon, and saw 9 of its levels.
You also visited: Sewer and Bailey.

You collected 509 gold pieces.

Inventory:

Hand Weapons
 a - a +1 rapier
 i - a +0 rapier
 n - a +2 short sword of draining (weapon)
 z - the +5 shortbow "Tormentor" {antimagic, rN+ SInv}
   (You found it on level 5 of the Dungeon)

   rN:        It protects you from negative energy.
   SInv:      It lets you see invisible.
 E - the +6 spear "Zugudghoax" {freeze, rElec rPois Will- Str-3}
   (You took it off an orc on level 6 of the Dungeon)

   Str:       It affects your strength (-3).
   rElec:     It insulates you from electricity.
   rPois:     It protects you from poison.
   Will:      It decreases your willpower.
 H - the +5 dagger "Dymiol" {distort, rCorr Str+4 Dex-4}
   (You found it on level 6 of the Dungeon)

   Str:       It affects your strength (+4).
   Dex:       It affects your dexterity (-4).
   rCorr:     It protects you from acid and corrosion.
Missiles
 b - 3 boomerangs of dispersal
 d - 4 throwing nets
 e - 4 javelins
 g - 56 stones (quivered)
 o - 15 poisoned darts
 w - 4 boomerangs
Armour
 c - a +1 helmet
 k - a +1 cloak (worn)
 t - a +0 scale mail
 A - a +1 leather armour of fire resistance (worn)
 F - a +0 leather armour of willpower
Jewellery
 j - an amulet of magic regeneration
 x - an amulet of guardian spirit (around neck)
Wands
 l - a wand of flame (45)
 L - a wand of polymorph (7)
Scrolls
 f - 5 scrolls of teleportation
 m - a scroll of fear
 r - a scroll of blinking
 y - 2 scrolls of vulnerability
 J - a scroll of silence
 K - a scroll of enchant weapon
Potions
 h - a potion of attraction
 p - 2 potions of curing
 q - a potion of might
 s - 3 potions of enlightenment
 u - a potion of mutation
 v - a potion of berserk rage
 B - a potion of haste
 C - a potion of resistance {unknown}
 D - 2 potions of cancellation
 G - a potion of lignification
 I - a potion of magic


   Skills:
 - Level 5.5 Fighting
 * Level 9.1 Short Blades
 - Level 1.7 Throwing
 - Level 1.0 Armour
 - Level 2.6 Dodging
 * Level 11.5 Stealth
 + Level 3.7 Unarmed Combat
 - Level 8.4 Spellcasting
 - Level 1.0 Evocations


You had 26 spell levels left.
You didn't know any spells.
Your spell library contained the following spells:

 Spells                   Type           Power      Damage    Failure   Level
 Ensorcelled Hibernation  Hex/Ice        14%        N/A       19%         2
 Passwall                 Tmut/Erth      5%         N/A       19%         2
 Frozen Ramparts          Ice            14%        1d3       36%         3
 Gell's Gravitas          Tloc           7%         N/A       36%         3
 Swiftness                Air            7%         N/A       36%         3
 Teleport Other           Tloc           7%         N/A       36%         3
 Ice Form                 Ice/Tmut       7%         N/A       77%         4
 Summon Ice Beast         Ice/Summ       7%         N/A       77%         4
 Dispersal                Tloc           3%         N/A       100%        6


Dungeon Overview and Level Annotations

Branches:
Dungeon (8/15)             Temple (1/1) D:7           Sewer (visited)
 Bailey (1/1)
   Lair: D:8-11

Altars:
Ashenzari
Fedhas
Gozag
Hepliaklqana
Kikubaaqudgha
Makhleb
Nemelex Xobeh
Qazlal
Sif Muna
Trog
Uskayaw
Wu Jian
Xom

Shops:
D:2 (


Innate Abilities, Weirdness & Mutations

You have very sharp fingernails.
You sometimes gain power by taking damage.
You have an extremely huge brain. (Int +4)
Spells you cast may paralyse adjacent enemies.
You have a pair of small antennae on your head.
You are clumsy. (Dex -2)


Message History

The human is moderately wounded.
The human barely misses you.
You hit the human.
The human is heavily wounded.
The hobgoblin hits you with a +0 hand axe.
You hit the human but do no damage.
The human is heavily wounded.
The human misses you. The hobgoblin closely misses you.
You hit the human. You drain the human.
The human is severely wounded.
You closely miss the human.
The human is severely wounded.
The human hits you with a +0 war axe.
* * * LOW HITPOINT WARNING * * *
The hobgoblin hits you with a +0 hand axe.
* * * LOW HITPOINT WARNING * * *
You hit the human.
The human is severely wounded.
The human misses you.
You barely miss the human.
The human is severely wounded.
The human hits you with a +0 war axe!
* * * LOW HITPOINT WARNING * * *
The hobgoblin hits you with a +0 hand axe.
* * * LOW HITPOINT WARNING * * *
You hit the human.
The human is almost dead.
You hit the human but do no damage.
The human is almost dead.
The human misses you.
The hobgoblin hits you with a +0 hand axe.
* * * LOW HITPOINT WARNING * * *
The human hits you with a +0 war axe.
* * * LOW HITPOINT WARNING * * *
Unknown command.
You barely miss the human.
The human is almost dead.
You feel mightier all of a sudden. The human hits you with a +0 war axe.
You die...

#### #####
##...##~~~##
##...g#~~~~~#
#....p@~~~~~#####
#.....p#~~~~##...##
###....##~~~'..∩..#
###.. #####†....#
##+ +..∩..# ##...##
#####


You could see 2 humans and a hobgoblin.

Vanquished Creatures
  Grinder (D:6)
  4 yaks (D:5)
  A shadow (D:6)
  A human (Bailey)
  A water moccasin (Sewer)
  An orc warrior (D:6)
  A sky beast (D:7)
  2 ice beasts
  A black bear (D:6)
  An ogre (D:4)
  2 centaurs
  2 phantoms (D:7)
  3 bullfrogs (Bailey)
  5 scorpions
  4 howler monkeys
  2 gnoll boudas
  4 hounds
  2 jellies
  5 iguanas
  Terence (D:2)
  4 orc wizards
  21 gnolls
  6 adders
  2 river rats (D:3)
  2 shadow imps (D:6)
  2 worms
  2 dart slugs
  19 orcs
  5 bats
  4 endoplasms
  6 giant cockroaches
  6 goblins
  4 hobgoblins
  3 jackals (Sewer)
  3 quokkas (D:3)
  3 ball pythons
  4 frilled lizards
  4 kobolds
  9 rats
153 creatures vanquished.

Notes
Turn   | Place    | Note
-------+----------+-------------------------------------------
     0 | D:1      | IdlyInterested the Demonspawn Gladiator began the quest for
                  | the Orb.
     0 | D:1      | Reached XP level 1. HP: 16/16 MP: 1/1
   203 | D:1      | Gained mutation: You sometimes gain a little power by
                  | taking damage. [demonic ancestry]
   203 | D:1      | Reached XP level 2. HP: 23/23 MP: 2/2
   307 | D:1      | Reached skill level 1 in Stealth
   927 | D:2      | Noticed Terence
   933 | D:2      | Found Waxoador's Weapon Shop.
  1031 | D:2      | Gained mutation: You have sharp fingernails. [demonic
                  | ancestry]
  1031 | D:2      | Reached XP level 3. HP: 29/29 MP: 3/3
  1238 | D:2      | Killed Terence
  1239 | D:2      | Reached skill level 1 in Evocations
  1339 | D:2      | Reached XP level 4. HP: 35/37 MP: 4/4
  1446 | D:3      | Reached skill level 1 in Unarmed Combat
  1506 | D:3      | Found a stormy altar of Qazlal.
  1537 | D:3      | Found a glowing drain.
  1556 | Sewer    | Entered a sewer
  1587 | Sewer    | Noticed a water moccasin
  1605 | Sewer    | Killed a water moccasin
  1606 | Sewer    | Reached skill level 5 in Fighting
  1606 | Sewer    | Reached skill level 1 in Armour
  1606 | Sewer    | Gained mutation: Spells you cast may paralyse adjacent
                  | enemies. [demonic ancestry]
  1606 | Sewer    | Reached XP level 5. HP: 23/44 MP: 5/5
  2084 | D:3      | Found a hide-covered altar of Uskayaw.
  2085 | D:3      | Noticed a +0 spear
  2085 | D:3      | Noticed a +0 falchion
  2086 | D:3      | Noticed a +0 short sword
  2087 | D:3      | Noticed a +0 spear
  2087 | D:3      | Noticed a +0 dagger
  2087 | D:3      | Noticed a +0 short sword
  2087 | D:3      | Noticed a +0 falchion
  2088 | D:3      | Noticed a +0 dagger
  2117 | D:3      | Reached XP level 6. HP: 39/51 MP: 6/6
  2543 | D:3      | Reached skill level 1 in Spellcasting
  2548 | D:3      | Reached skill level 2 in Stealth
  2687 | D:3      | Found a faded altar of an unknown god.
  3100 | D:4      | Reached XP level 7. HP: 34/56 MP: 9/9
  3387 | D:4      | Found a bloodstained altar of Trog.
  3521 | D:5      | Entered Level 5 of the Dungeon
  3624 | D:5      | Reached skill level 3 in Stealth
  3726 | D:5      | Gained mutation: You are clumsy. (Dex -2) [potion of
                  | mutation]
  3726 | D:5      | Gained mutation: You have a pair of small antennae on your
                  | head. [potion of mutation]
  4096 | D:5      | Reached skill level 4 in Stealth
  4167 | D:5      | Identified the +5 shortbow "Tormentor" {antimagic, rN+
                  | SInv}
  4370 | D:5      | Noticed a yak
  4370 | D:5      | Noticed a yak
  4370 | D:5      | Noticed a yak
  4370 | D:5      | Noticed a yak
  4382 | D:5      | Killed a yak
  4383 | D:5      | Gained mutation: You have very sharp fingernails. [demonic
                  | ancestry]
  4383 | D:5      | Reached XP level 8. HP: 40/63 MP: 11/11
  4390 | D:5      | Reached skill level 5 in Short Blades
  4400 | D:5      | Reached skill level 5 in Stealth
  4618 | D:5      | Reached skill level 11 in Stealth
  4618 | D:5      | Gained mutation: You have an unusually large brain. (Int
                  | +2) [demonic ancestry]
  4618 | D:5      | Reached XP level 9. HP: 68/68 MP: 12/12
  4619 | D:5      | Gained mutation: You sometimes gain power by taking damage.
                  | [demonic ancestry]
  4619 | D:5      | Reached XP level 10. HP: 74/74 MP: 12/22
  4888 | D:6      | Found a broken altar of Ashenzari.
  4911 | D:6      | Identified the +6 spear "Zugudghoax" {freeze, rElec rPois
                  | Will- Str-3}
  5111 | D:6      | Identified the +5 dagger "Dymiol" {distort, rCorr Str+4
                  | Dex-4}
  5190 | D:6      | Noticed Grinder
  5197 | D:6      | Paralysed by Grinder for 3 turns
  5228 | D:6      | Paralysed by Grinder for 4 turns
  5233 | D:6      | Killed Grinder
  5562 | D:6      | Upgraded the game from 0.31-a0-167-g1c394c0614 to
                  | 0.31-a0-174-g85c54bcb58
  5692 | D:7      | Found a shimmering altar of Xom.
  5692 | D:7      | Found a shimmering altar of Xom.
  5699 | D:7      | Found a shimmering altar of Xom.
  5699 | D:7      | Found a shimmering altar of Xom.
  6209 | D:7      | Found a staircase to the Ecumenical Temple.
  6245 | Temple   | Entered the Ecumenical Temple
  6656 | D:7      | Noticed a harpy
  6656 | D:7      | a hornet changed into a steelbarb worm
  6656 | D:7      | Noticed a steelbarb worm (shapeshifter)
  6784 | D:8      | Found a flagged portal.
  6806 | Bailey   | Entered a bailey
  6839 | Bailey   | Gained mutation: You have an extremely huge brain. (Int +4)
                  | [demonic ancestry]
  6839 | Bailey   | Reached XP level 11. HP: 56/80 MP: 17/23
  6914 | Bailey   | HP: 2/80 [hobgoblin/+0 hand axe (3)]
  6916 | Bailey   | Slain by a human

Illustrated notes

Levels and vault maps discovered:
D:1:      minmay_arrival_up_and_down, layout_basic
D:2:      layout_rooms, serial_shops, shop, uniq_terence
D:3:      layout_basic, mainiacjoe_overflow_paths, nicolae_uskayaw_en_pointe,
          portal_sewer_entry_e, shapermc_ecumenical_altar_acropolis,
          minmay_liquid_box
D:4:      layout_rooms, mainiacjoe_overflow_alcove_4, chequers_garden
D:5:      layout_cave_pools, columned_hall_lemuel, minivault_27, dk_vineyard_2
D:6:      layout_rooms, nicolae_overflow_crystal_walls, uniq_grinder
D:7:      layout_loops_cross, mainiacjoe_overflow_concentric_impassable,
          xom_shifter_show, minmay_temple_entry_grid, minmay_chambers_of_fives
D:8:      layout_loops_ring, mainiacjoe_overflow_alcove_1, okawaru_humans,
          lemuel_tele_altar, enter_bailey_2, minivault_23
Temple:   dpeg_three_leaves_temple
Bailey:   bailey_axe_froggy_fort_hellmonk, bailey

Skill      XL: |  1  2  3  4  5  6  7  8  9 10 |
---------------+-------------------------------+-----
Stealth        | 1 2 4 11 | 11.5
Fighting       | 3 5 |  5.5
Evocations     | 1 |  1.0
Unarmed Combat | 1 2 3 |  3.7
Armour         | 1 |  1.0
Short Blades   | 3 4 8 9 |  9.1
Spellcasting   | 1 2 8 |  8.4
Throwing       | |  1.7
Dodging        | |  2.6

Action                     |  1- 3 |  4- 6 |  7- 9 | 10-12 || total
---------------------------+-------+-------+-------+-------++-------
  Melee: Rapier            |    59 |       |       |       ||    59
         Short sword       |    43 |   202 |   149 |   380 ||   774
         Punch             |     1 |     3 |     2 |     3 ||     9
  Throw: Stone             |     6 |       |     3 |    42 ||    51
         Dart              |       |     1 |       |       ||     1
         Javelin           |       |       |     3 |       ||     3
  Evoke: Wand              |       |       |       |     3 ||     3
    Use: Scroll            |       |     9 |     8 |     3 ||    20
         Potion            |       |     1 |     5 |     6 ||    12
   Stab: Sleeping          |     2 |       |       |     5 ||     7
         Distracted        |       |       |       |     1 ||     1
 Armour: Leather armour    |    18 |       |       |    61 ||    79
         Scale mail        |     4 |    74 |    59 |    14 ||   151
  Dodge: Dodged            |    64 |    71 |    67 |   102 ||   304

Table legend: (Time is in decaauts)
 A = Elapsed time spent in this place.
 B = Non-inter-level travel time spent in this place.
 C = Inter-level travel time spent in this place.
 D = Time resting spent in this place.
 E = Time spent auto-exploring this place.
 F = Levels seen in this place.
 G = Mean time per level.
                   A        B        C        D        E       F      G
               +--------+--------+--------+--------+--------+-----+--------+
         Total |   6704 |   6073 |    631 |    739 |   3191 |  11 |  609.5 |
       Dungeon |   6349 |   5732 |    617 |    703 |   3036 |   8 |  793.6 |
        Temple |     80 |     66 |     14 |      0 |     58 |   1 |   80.0 |
         Sewer |    187 |    187 |      0 |      3 |     97 |   1 |  187.0 |
        Bailey |     87 |     87 |      0 |     33 |      0 |   1 |   87.0 |
               +--------+--------+--------+--------+--------+-----+--------+

Top non-repeatable levels by time:
     D:3: 1251 daAuts
     D:5: 1008 daAuts
     D:6: 974 daAuts
     D:7: 955 daAuts
     D:1: 902 daAuts
     D:4: 628 daAuts
     D:2: 604 daAuts
   Sewer: 187 daAuts
  Bailey: 87 daAuts
  Temple: 80 daAuts
     D:8: 24 daAuts
